 Dungeon Crawl Stone Soup version 0.24.0-123-gd5b16e6ec5 (webtiles) character file.

Game seed: 12945284006090063605, levelgen mode: deterministic

63 Descartes the Sneak (level 3, 0/18 HPs)
             Began as a Spriggan Wanderer on Jan 18, 2020.
             Slain by Robin
             ... wielding a +0 short sword
              (3 damage)
             ... on level 3 of the Dungeon.
             The game lasted 00:03:37 (2028 turns).

Descartes the Sneak (Spriggan Wanderer)             Turns: 2028, Time: 00:03:38

Health: 0/18       AC:  3    Str:  9    XL:     3   Next: 89%
Magic:  6/6        EV: 19    Int: 14    God:
Gold:   81         SH:  0    Dex: 18    Spells: 5/5 levels left

rFire    . . .     SeeInvis +   a - +2 dagger
rCold    . . .     Gourm    .   (shield restricted)
rNeg     . . .     Faith    .   e - +0 robe
rPois    .         Spirit   .   (helmet restricted)
rElec    .         Reflect  .   l - +0 cloak
rCorr    .         Harm     .   (gloves unavailable)
MR       .....                  (boots unavailable)
Stlth    +++.......             (no amulet)
HPRegen  0.06/turn              q - +4 ring of dexterity
MPRegen  0.10/turn              (no ring)

@: very quick
A: very small, unfitting armour, see invisible, herbivore, speed 3, slow
metabolism 2
a: no special abilities


You were on level 3 of the Dungeon.
You were not hungry.

You visited 1 branch of the dungeon, and saw 3 of its levels.

You collected 81 gold pieces.

Inventory:

Hand Weapons
 a - a +2 dagger (weapon)
Missiles
 g - 39 arrows
 i - 16 sling bullets
 n - 46 stones (quivered)
Armour
 e - a +0 robe (worn)
 l - a +0 cloak (worn)
Jewellery
 q - a +4 ring of dexterity (left hand)
Scrolls
 h - 2 scrolls of identify {unknown}
 k - a scroll of teleportation {unknown}
 m - a scroll of enchant armour {unknown}
 p - a scroll of random uselessness {unknown}
Potions
 b - a potion of berserk rage
 c - a potion of lignification
 d - 3 potions of curing
 j - a potion of agility {unknown}
 o - a potion of flight {unknown}
Comestibles
 f - 4 rations


   Skills:
 + Level 2.1 Fighting
 + Level 2.8 Short Blades
   Level 1.0 Maces & Flails
 + Level 3.9 Dodging
 + Level 3.9 Stealth
 + Level 1.5 Spellcasting
   Level 1.3 Evocations


You had 5 spell levels left.
You didn't know any spells.
Your spell library was empty.

Dungeon Overview and Level Annotations

Branches:
Dungeon (3/15)

Altars:

Annotations:
D:3 Robin


Innate Abilities, Weirdness & Mutations

You are very small and have problems with some larger weapons.
You are too small for most types of armour.
You have supernaturally acute eyesight. (SInv)
You are a herbivore.
You cover ground extremely quickly.
You need to consume almost no food.


Message History

Robin is moderately wounded.
Robin closely misses you.
You hit Robin.
Robin is heavily wounded.
Robin hits you with a +0 short sword.
* * * LOW HITPOINT WARNING * * *
You hit Robin.
Robin is severely wounded.
Robin barely misses you.
You closely miss Robin.
Robin is severely wounded.
A bat comes into view.
Robin closely misses you.
The bat moves out of view.
You hit Robin.
Robin is almost dead.
Robin closely misses you.
You closely miss Robin.
Robin is almost dead.
Robin hits you with a +0 short sword.
You die...

#†..####
#)?....#
#.#.##.#
#######.#.#
........# .
.#####..#
##
#..####.#
#g).....#
#@#######
...)...)#
##.......
#.....#.#.
#....###...
....# # ..
#..# ...
#.. ###


You could see Robin.

Vanquished Creatures
  An ooze (D:2)
  A worm (D:2)
  3 dart slugs
  2 leopard geckos (D:1)
  2 giant cockroaches
  12 goblins
  4 hobgoblins
  2 jackals (D:1)
  3 ball pythons
  4 bats
  3 frilled lizards
  A kobold (D:1)
  10 rats
48 creatures vanquished.

Notes
Turn   | Place    | Note
-------+----------+-------------------------------------------
     0 | D:1      | Descartes the Spriggan Wanderer began the quest for the
                  | Orb.
     0 | D:1      | Descartes set off with the following items: a +2 dagger, a
                  | potion of berserk rage, a potion of lignification, a potion
                  | of curing, a +0 robe, a ration
     0 | D:1      | Reached XP level 1. HP: 10/10 MP: 3/3
   159 | D:1      | Reached XP level 2. HP: 15/15 MP: 4/4
   454 | D:1      | Reached skill level 1 in Spellcasting
  1054 | D:2      | Reached XP level 3. HP: 17/18 MP: 5/5
  1537 | D:3      | Noticed Robin
  2028 | D:3      | Slain by Robin

Levels and vault maps discovered:
D:1:      dpeg_arrival_arbitrary_c, layout_basic, serial_forest,
          infiniplex_forest_straight_2, infiniplex_forest_clump_small,
          infiniplex_forest_lined_3, infiniplex_forest_lined_room_,
          infiniplex_forest_clump_curved, infiniplex_forest_clump_long,
          infiniplex_forest_straight_3, minmay_statues_item
D:2:      layout_loops_cross
D:3:      layout_loops_cross, first_ration, uniq_terence, uniq_robin

Skill      XL: |  1  2  3 |
---------------+----------+-----
Spellcasting   | 1 |  1.5
Fighting       | 2 |  2.1
Short Blades   | |  2.8
Maces & Flails | |  1.0
Dodging        | |  3.9
Stealth        | |  3.9
Evocations     | |  1.3

Action                   || total
-------------------------++-------
Melee: Dagger            ||   181
 Stab: Sleeping          ||     8
Armor: Robe              ||    22
Dodge: Dodged            ||   165
